 Dungeon Crawl Stone Soup version 0.29-a0-901-g46a8461d6a (webtiles) character file.

Game seed: 8744542846221220425

138 wilfster70 the Shooter (level 5, -4/42 HPs)
             Began as a Formicid Hunter on July 24, 2022.
             Was an Initiate of Okawaru.
             Slain by a black bear (6 damage)
             ... on level 4 of the Dungeon.
             The game lasted 00:07:20 (2631 turns).

wilfster70 the Shooter (Formicid Hunter)            Turns: 2631, Time: 00:07:21

Health: -4/42      AC:  7    Str: 16    XL:     5   Next: 45%
Magic:  6/6        EV: 11    Int: 10    God:    Okawaru [......]
Gold:   177        SH:  0    Dex: 23    Spells: 4/4 levels left

rFire   . . .      SeeInvis +   a - +1 shortbow
rCold   . . .      Faith    .   (no shield)
rNeg    . . .      Spirit   .   f - +0 ring mail
rPois   .          Reflect  .   (helmet unavailable)
rElec   .          Harm     .   (no cloak)
rCorr   .          Rampage  .   l - +0 pair of gloves
Will    .....                   h - +0 pair of boots
Stlth   ++........              (no amulet)
HPRegen 0.14/turn               j - +6 ring of dexterity
MPRegen 0.10/turn               n - ring of wizardry

@: no status effects
A: permanent stasis, dig shafts and tunnels, antennae 3, four strong arms
a: Dig, Shaft Self, Renounce Religion


You were on level 4 of the Dungeon.
You worshipped Okawaru.
Okawaru was noncommittal.
You visited 1 branch of the dungeon, and saw 4 of its levels.

You collected 177 gold pieces.

Inventory:

Hand Weapons
 a - a +1 shortbow (weapon)
 b - a +0 quarterstaff
Armour
 f - a +0 ring mail (worn)
 h - a +0 pair of boots (worn)
 l - a +0 pair of gloves (worn)
Jewellery
 j - a +6 ring of dexterity (left hand)
 n - a ring of wizardry (right hand)
Wands
 i - a wand of charming (13)
Scrolls
 k - a scroll of fear
 m - 2 scrolls of immolation
Potions
 c - a potion of might
 d - 2 potions of curing
 e - a potion of mutation
 g - 2 potions of heal wounds
 o - a potion of brilliance {unknown}


   Skills:
 + Level 4.1 Fighting
 + Level 5.2 Ranged Weapons
 - Level 1.7 Dodging
 - Level 1.2 Stealth
 + Level 1.4 Invocations


You had 4 spell levels left.
You didn't know any spells.
Your spell library contained the following spells:

 Spells                   Type           Power      Damage    Failure   Level
 Cause Fear               Hex            0%         N/A       94%         4
 Dragon Form              Tmut           0%         N/A       100%        7
 Dragon's Call            Summ           Unusable   N/A       N/A         9

Dungeon Overview and Level Annotations

Branches:
Dungeon (4/15)
 Temple: D:4-7

Altars:
Elyvilon
Okawaru
Yredelemnul

Shops:
D:1 *


Innate Abilities, Weirdness & Mutations

You cannot be hasted, slowed, berserked, paralysed or teleported.
You can dig through walls and to a lower floor.
You have a pair of large antennae on your head. (SInv)
Your four strong arms can wield two-handed weapons with a shield.


Message History

The black bear bites you but does no damage.
The black bear claws you but does no damage. x2
The black bear bites you but does no damage.
The black bear claws you but does no damage. x2
Fire: a) +1 shortbow
Press: ? - help, Q - select action, (/) - cycle Shift-Dir - straight line, f/p - black bear
Aim: a black bear (severely wounded, 74% to hit)
You shoot an arrow.
The arrow closely misses the black bear.
The black bear barely misses you. x3
Fire: a) +1 shortbow
Press: ? - help, Q - select action, (/) - cycle Shift-Dir - straight line, f/p - black bear
Aim: a black bear (severely wounded, 74% to hit)
You shoot an arrow. The arrow barely misses the black bear.
The black bear goes berserk!
An endoplasm comes into view.
The black bear bites you but does no damage.
The black bear claws you.
* * * LOW HITPOINT WARNING * * *
The black bear claws you.
* * * LOW HITPOINT WARNING * * *
Fire: a) +1 shortbow
Press: ? - help, Q - select action, (/) - cycle Shift-Dir - straight line, f/p - black bear
Aim: a black bear (severely wounded, berserk, 74% to hit)
You shoot an arrow.
The arrow hits the black bear but does no damage.
The black bear is severely wounded.
The black bear closely misses you. x2
The black bear claws you but does no damage.
Fire: a) +1 shortbow
Press: ? - help, Q - select action, (/) - cycle Shift-Dir - straight line, f/p - black bear
Aim: a black bear (severely wounded, berserk, 74% to hit)
You shoot an arrow.
The arrow hits the black bear but does no damage.
The black bear is severely wounded.
The black bear bites you.
* * * LOW HITPOINT WARNING * * *
The black bear claws you but does no damage.
The black bear claws you.
You die...

.#.# #.# ..#.#.#
...####.######## ......
.###....##...... .?#.#.#
..............###<....
####.##.##..#.##...#.#.#
.........)..............
####.....)...###J#.#>#.#
####.....♣♣..###h# ..
.........♣♣....#@###.#.#.
.####...♣.♣..)..........#
.# #..♣♣.....##.###.####
## #.........##.#
#........###.# ##.###..##
#.# #......< .#.
######### # #


You could see a black bear (berserk) and an endoplasm.

Vanquished Creatures
  An orc wizard (D:4)
  An adder (D:3)
  A worm (D:2)
  5 dart slugs
  4 orcs
  5 endoplasms
  4 giant cockroaches
  9 goblins
  7 hobgoblins
  6 jackals
  6 kobolds
  3 quokkas
  7 ball pythons
  7 bats
  5 frilled lizards
  7 rats
78 creatures vanquished.

Notes
Turn   | Place    | Note
-------+----------+-------------------------------------------
     0 | D:1      | wilfster70 the Formicid Hunter began the quest for the Orb.
     0 | D:1      | Reached XP level 1. HP: 16/16 MP: 1/1
   116 | D:1      | Reached XP level 2. HP: 23/23 MP: 2/2
   303 | D:1      | Found Faupt's Assorted Antiques.
   335 | D:1      | Reached XP level 3. HP: 28/28 MP: 3/3
   957 | D:2      | Found a faded altar of an unknown god.
  1199 | D:2      | Reached XP level 4. HP: 35/35 MP: 4/4
  1978 | D:3      | Found a basalt altar of Yredelemnul.
  2028 | D:3      | Reached skill level 5 in Ranged Weapons
  2028 | D:3      | Found an iron altar of Okawaru.
  2036 | D:3      | Became a worshipper of Warmaster Okawaru
  2087 | D:3      | Reached XP level 5. HP: 36/42 MP: 5/5
  2478 | D:3      | Found a white marble altar of Elyvilon.
  2558 | D:4      | Reached skill level 1 in Invocations
  2608 | D:4      | Noticed a black bear
  2631 | D:4      | HP: 2/42 [black bear (6)]
  2631 | D:4      | Slain by a black bear

Illustrated notes

Levels and vault maps discovered:
D:1:      ncdulo_wetmaze, layout_basic, serial_shops, shop_fountains
D:2:      minmay_razor_zed, layout_rooms,
          shapermc_ecumenical_altar_mp_ritualfount, minmay_surrounded
D:3:      layout_rooms, kennysheep_ying_yang, okawaru_gym_becter,
          dk_noncrumbling_4
D:4:      layout_loops_ring, minmay_temple_entry_drinking_statues, serial_shops,
          nicolae_lakefront_shop, lightli_sewer_entry_pipes, st_stairs_11,
          chequers_garden, minmay_misc_feat_doors, grunt_decor_one_mirror,
          nicolae_shop_self_help, uniq_duvessa

Skill      XL: |  1  2  3  4  5 |
---------------+----------------+-----
Fighting       | 3 4 |  4.1
Ranged Weapons | 5 |  5.2
Invocations    | 1 |  1.4
Dodging        | |  1.7
Stealth        | |  1.2

Action                   |  1- 3 |  4- 6 || total
-------------------------+-------+-------++-------
Melee: Quarterstaff      |       |    11 ||    11
       Punch             |       |     1 ||     1
 Fire: Shortbow          |    94 |   115 ||   209
  Use: Scroll            |     3 |     7 ||    10
Armor: Leather armour    |     6 |       ||     6
       Ring mail         |     7 |    58 ||    65
Dodge: Dodged            |    35 |    95 ||   130

Table legend: (Time is in decaauts)
 A = Elapsed time spent in this place.
 B = Non-inter-level travel time spent in this place.
 C = Inter-level travel time spent in this place.
 D = Time resting spent in this place.
 E = Time spent auto-exploring this place.
 F = Levels seen in this place.
 G = Mean time per level.
                   A        B        C        D        E       F      G
               +--------+--------+--------+--------+--------+-----+--------+
         Total |   2710 |   2659 |     51 |    278 |   1080 |   4 |  677.5 |
       Dungeon |   2710 |   2659 |     51 |    278 |   1080 |   4 |  677.5 |
               +--------+--------+--------+--------+--------+-----+--------+

Top non-repeatable levels by time:
     D:2: 1165 daAuts
     D:1: 810 daAuts
     D:3: 606 daAuts
     D:4: 128 daAuts
